 Dungeon Crawl Stone Soup version 0.14-a0-2592-g262d02f (webtiles) character file.

372 Econoterrorist the Covert (level 5, -1/24 HPs)
             Began as a Spriggan Enchanter on Feb 13, 2014.
             Killed from afar by an orc wizard (5 damage)
             ... with a magic dart
             ... on Level 4 of the Dungeon.
             The game lasted 00:12:56 (3391 turns).

Econoterrorist the Covert (Spriggan Enchanter)      Turns: 3391, Time: 00:12:56

HP  -1/24        AC  5     Str  5      XL: 5   Next: 80%
MP  12/27        EV 19     Int 17      God:
Gold 131         SH  0     Dex 16      Spells:  3 memorised,  7 levels left

rFire  . . .     SeeInvis +     t - +4,+2 elf dagger
rCold  . . .     Clarity  .     b - +1 robe
rNeg   . . .     Conserve .     (shield restricted)
rPois  .         rCorr    +     u - +2 hat
rElec  .         rRot     .     (no cloak)
SustAb . .       Spirit   .     (gloves unavailable)
rMut   .         Warding  .     (boots unavailable)
Saprov . . .     Stasis   .     m - amulet of resist corrosion
MR     .....                    i - ring of magical power
                                r - +1 ring of evasion

@: very slightly contaminated, very quick, not resistant to hostile
enchantments, very stealthy
A: unfitting armour, see invisible, herbivore 3, speed 3, slow metabolism 2
a: no special abilities


You were on level 4 of the Dungeon.
You were not hungry.

You visited 1 branch of the dungeon, and saw 4 of its levels.

You collected 131 gold pieces.

Inventory:

Hand weapons
 a - a +1,+1 dagger
 t - a +4,+2 elven dagger (weapon)
Missiles
 d - 10 darts (quivered)
Armour
 b - a +1 robe (worn)
 u - a +2 hat (worn)
Magical devices
 w - a wand of digging (7)
Comestibles
 s - 2 chokos
 v - a bread ration
 x - a pear
 B - a snozzcumber
Scrolls
 e - a scroll of enchant weapon I {unknown}
 g - 2 scrolls of amnesia {unknown}
 l - 4 scrolls of random uselessness {unknown}
 p - 3 scrolls of enchant weapon II {unknown}
 q - 3 scrolls of remove curse {unknown}
 y - a scroll of fear {unknown}
 A - a scroll of recharging {unknown}
 F - a scroll of teleportation {unknown}
Jewellery
 f - an uncursed ring of positive energy
 i - a ring of magical power (right hand)
 m - an amulet of resist corrosion (around neck)
 r - a +1 ring of evasion (left hand)
Potions
 h - a potion of confusion {unknown}
 j - 3 potions of brilliance {unknown}
 n - 4 potions of curing
 o - a potion of agility {unknown}
 z - a potion of cure mutation {unknown}
 C - 2 potions of paralysis {unknown}
 E - a potion of degeneration {unknown}
Books
 c - a book of Maledictions

   Spells                             Type                      Level
   *Corona                            Hexes                        1
   Sure Blade                         Hexes/Charms                 2
   *Ensorcelled Hibernation           Hexes/Ice                    2
   *Confuse                           Hexes                        3
   Enslavement                        Hexes                        4
   Invisibility                       Hexes                        6


   Skills:
 - Level 1.1 Short Blades
 - Level 1.1 Throwing
 - Level 3.0 Dodging
 - Level 8.0 Stealth
 + Level 4.9 Spellcasting
 - Level 3.6 Hexes


You had 7 spell levels left.
You knew the following spells:

 Your Spells              Type           Power        Failure   Level  Hunger
a - Corona                Hex            ###....      3%          1    None
b - Ensorcelled Hibernat  Hex/Ice        ##....       12%         2    #......
c - Confuse               Hex            ###.....     12%         3    ###....


Dungeon Overview and Level Annotations

Branches:
Dungeon (4/16)
 Temple: D:4-7

Altars:
Xom


Innate Abilities, Weirdness & Mutations

You are tiny and cannot use many weapons and most armour.
You have supernaturally acute eyesight.
You are a herbivore.
You cover ground extremely quickly.
You need consume almost no food.


Message History

Aim: an orc priest, wielding an orcish war axe The orc priest looks drowsy...
The orc wizard misses you.
The orc hits you from afar with an orcish trident.
The orc hits you but does no damage. The orc wizard barely misses you.
The helpless orc priest fails to defend itself.
You impale the orc priest!!
You kill the orc priest!
The orc wizard hits you with an orcish dagger.
* * * LOW HITPOINT WARNING * * *
The orc completely misses you. The orc hits you but does no damage.
The orc wizard hits you but does no damage.
Casting: Ensorcelled Hibernation
Confirm with . or Enter, or press ? or * to list all spells.
Aiming: Ensorcelled Hibernation
Press: ? - help, Shift-Dir - straight line, f - orc wizard
Aim: an orc wizard, wielding an orcish dagger and wearing an orcish robe (moving very quickly)
The orc wizard resists.
The orc wizard casts a spell at you. The magic dart hits you!
You die...

##.# ##(....## #.#
##...## #.# ##'##
#.# ####.# ##
#....#####.##
#.#.......#)###...#
#.....o.ooo........
##...@#.##.#.#...#.
#.#.##.##.# .. .
..!####.##.. ...
#### #.####. ...
#.# .# . #.# # #..
###


You could see an orc wizard and 3 orcs.

Vanquished Creatures
  An orc priest (D:4)
  An orc wizard (D:3)
  An iguana (D:4)
  A worker ant (D:4)
  An ogre zombie (D:4)
  3 adders (D:2)
  2 worms
  An orc skeleton (D:4)
  3 giant geckos
  7 orcs
  5 giant cockroaches
  11 goblins
  13 hobgoblins
  5 kobolds
  A quokka (D:4)
  2 ball pythons
  8 bats
  2 giant newts (D:1)
  6 rats
74 creatures vanquished.

Notes
Turn   | Place    | Note
--------------------------------------------------------------
     0 | D:1      | Econoterrorist, the Spriggan Enchanter, began the quest for the Orb.
     0 | D:1      | Reached XP level 1. HP: 9/9 MP: 4/4
     8 | D:1      | Noticed a giant goldfish
   187 | D:1      | Reached skill level 4 in Stealth
   458 | D:1      | Reached XP level 2. HP: 13/13 MP: 7/7
   462 | D:1      | Learned a level 2 spell: Ensorcelled Hibernation
   834 | D:2      | Reached skill level 5 in Stealth
  1007 | D:2      | Reached XP level 3. HP: 13/16 MP: 9/9
  1052 | D:2      | Reached skill level 6 in Stealth
  1683 | D:2      | Learned a level 3 spell: Confuse
  1744 | D:3      | Reached XP level 4. HP: 21/21 MP: 12/12
  2056 | D:3      | Reached skill level 7 in Stealth
  2590 | D:3      | Reached skill level 8 in Stealth
  2770 | D:4      | Reached XP level 5. HP: 22/24 MP: 16/16
  2800 | D:4      | Found a shimmering altar of Xom.
  2801 | D:4      | Found a shimmering altar of Xom.
  2801 | D:4      | Found a shimmering altar of Xom.
  2801 | D:4      | Found a shimmering altar of Xom.
  2802 | D:4      | Found a shimmering altar of Xom.
  3391 | D:4      | Killed from afar by an orc wizard

Action                   |  1- 3 |  4- 6 || total
-------------------------+-------+-------++-------
Melee: Dagger            |   120 |   107 ||   227
Throw: Dart              |    11 |     2 ||    13
 Cast: Ensorcelled Hiber |    14 |    30 ||    44
       Confuse           |       |     5 ||     5
Evoke: Wand              |       |     1 ||     1
  Use: Potion            |       |     1 ||     1
       Scroll            |       |     4 ||     4
 Stab: Sleeping          |    15 |    19 ||    34
       Confused          |       |     1 ||     1
